 Dungeon Crawl Stone Soup version 0.26-a0-667-g92642533e4 (webtiles) character file.

Game seed: 10058815314417643622

123 lunkers the Chopper (level 5, -11/37 HPs)
             Began as an Octopode Fighter on Oct 16, 2020.
             Was a Follower of Uskayaw.
             Killed by nerve-wracking pain
             ... invoked by an orc priest
              (14 damage)
             ... on level 3 of the Dungeon.
             The game lasted 00:04:15 (2743 turns).

lunkers the Chopper (Octopode Fighter)              Turns: 2743, Time: 00:04:16

Health: -11/37     AC:  1    Str: 16    XL:     5   Next: 7%
Magic:  5/5        EV: 11    Int: 11    God:    Uskayaw [*.....]
Gold:   118        SH:  9    Dex: 11    Spells: 4/4 levels left

rFire    . . .     SeeInvis .   a - +0 war axe
rCold    . . .     Faith    .   b - +0 kite shield
rNeg     . . .     Spirit   .   (helmet restricted)
rPois    .         Reflect  .   (no amulet)
rElec    .         Harm     .   o - ring of flight
rCorr    .         Rampage  .   (no ring)
MR       .....                  (no ring)
Stlth    ++........             (no ring)
HPRegen  0.12/turn              (no ring)
MPRegen  0.09/turn              (no ring)
                                (no ring)
                                (no ring)

@: no status effects
A: almost no armour, stealthy swim, amphibious, 8 rings, constrict 8, camouflage
1, gelatinous body 1
a: Stomp, Renounce Religion, Evoke Flight


You were on level 3 of the Dungeon.
You worshipped Uskayaw.
Uskayaw was noncommittal.
You visited 1 branch of the dungeon, and saw 3 of its levels.

You collected 118 gold pieces.

Inventory:

Hand Weapons
 a - a +0 war axe (weapon)
Missiles
 h - 5 javelins
 i - 79 stones (quivered)
Armour
 b - a +0 kite shield (worn)
Jewellery
 k - an uncursed ring of ice
 o - a ring of flight (left tentacle)
Scrolls
 d - a scroll of blinking {unknown}
 e - 2 scrolls of enchant armour {unknown}
 f - a scroll of teleportation {unknown}
 g - 2 scrolls of enchant weapon {unknown}
 j - a scroll of fear {unknown}
 l - 2 scrolls of amnesia {unknown}
 m - a scroll of identify {unknown}
Potions
 c - a potion of might
 n - a potion of heal wounds {unknown}
 p - a potion of curing


   Skills:
 + Level 3.8 Fighting
 * Level 3.8 Axes
 - Level 3.0 Dodging
 + Level 3.7 Shields


You had 4 spell levels left.
You didn't know any spells.
Your spell library was empty.

Dungeon Overview and Level Annotations

Branches:
Dungeon (3/15)

Altars:
Cheibriados
Gozag
Makhleb
Okawaru
Ru
Uskayaw
Wu Jian
Zin


Innate Abilities, Weirdness & Mutations

You cannot wear most types of armour.
You are very stealthy in the water. (Stealth+)
You are amphibious.
You can wear up to eight rings at the same time.
You can use your tentacles to constrict eight enemies at once.
Your skin changes colour to match your surroundings (Stealth+).
Your rubbery body absorbs attacks. (AC +1, EV +1)


Message History

The orc priest calls down the wrath of Beogh upon you.
Beogh smites you!
* * * LOW HITPOINT WARNING * * *
A frilled lizard comes into view.
The frilled lizard hisses angrily.
You block the rat's attack.
The orc priest calls down the wrath of Beogh upon you.
Beogh smites you!
* * * LOW HITPOINT WARNING * * *
Items here: )) [ ††.
You hit the orc priest. Your grab misses the orc priest.
Your squeeze misses the orc priest.
The orc priest is lightly wounded.
You hit the rat.
You kill the rat!
The orc throws a boomerang.
The boomerang barely misses you.
The weapon returns to the orc!
The orc priest mumbles some strange prayers to Beogh against you.
Pain shoots through your body!
You die...

.# ##.## .# #.#.#####
.# #####.###....####
.#####....## ##.#....#
.##...)....###.......#
###.##.##..)#..##....#
# #.##..[.### .#.##
#.......####.# #
######.....@o#
##.###†....... #.#
#.##.##.# ... ..# #
......o# .....l..#
#........# #.........


You could see an orc priest, an orc and a frilled lizard.

Vanquished Creatures
  Jessica (D:3)
  An adder (D:2)
  2 oozes
  3 worms
  2 dart slugs (D:1)
  A leopard gecko (D:2)
  5 orcs (D:3)
  A ball python (D:3)
  3 giant cockroaches
  10 goblins
  7 hobgoblins
  7 jackals
  2 bats
  2 frilled lizards (D:2)
  8 kobolds
  3 rats
58 creatures vanquished.

Notes
Turn   | Place    | Note
-------+----------+-------------------------------------------
     0 | D:1      | lunkers the Octopode Fighter began the quest for the Orb.
     0 | D:1      | Reached XP level 1. HP: 16/16 MP: 1/1
    96 | D:1      | Reached XP level 2. HP: 17/21 MP: 2/2
   493 | D:1      | Reached XP level 3. HP: 17/26 MP: 3/3
  1223 | D:2      | Found a burning altar of Makhleb.
  1548 | D:2      | Reached XP level 4. HP: 28/31 MP: 4/4
  1815 | D:2      | Found a snail-covered altar of Cheibriados.
  1815 | D:2      | Found a hide-covered altar of Uskayaw.
  1976 | D:2      | Became a worshipper of Uskayaw the Reveler
  2060 | D:2      | Found a sacrificial altar of Ru.
  2067 | D:2      | Found an ornate altar of the Wu Jian Council.
  2070 | D:2      | Found an iron altar of Okawaru.
  2072 | D:2      | Found an opulent altar of Gozag.
  2076 | D:2      | Found a glowing silver altar of Zin.
  2135 | D:2      | Reached * piety under Uskayaw
  2466 | D:3      | Reached ** piety under Uskayaw
  2601 | D:3      | Noticed Jessica
  2609 | D:3      | Killed Jessica
  2609 | D:3      | Reached XP level 5. HP: 22/37 MP: 5/5
  2743 | D:3      | Killed from afar by an orc priest

Illustrated notes

Levels and vault maps discovered:
D:1:      minmay_arrival_up_and_down, layout_basic, corexii_hall_statues_x,
          feat_on_display
D:2:      layout_loops_ring, overflow_temple_1_default, minitemple,
          grunt_temple_overflow_open
D:3:      layout_loops_cross, uniq_jessica

Skill      XL: |  1  2  3 |
---------------+----------+-----
Axes           | 3 |  3.8
Fighting       | |  3.8
Dodging        | |  3.0
Shields        | |  3.7

Action                   |  1- 3 |  4- 6 || total
-------------------------+-------+-------++-------
Melee: War axe           |    63 |    41 ||   104
       Constrict         |    18 |     8 ||    26
       Tentacles         |     7 |     8 ||    15
Throw: Stone             |    10 |    15 ||    25
       Javelin           |     1 |       ||     1
  Use: Potion            |     1 |       ||     1
 Stab: Sleeping          |     2 |     1 ||     3
Armor: Skin              |     4 |     1 ||     5
Dodge: Dodged            |    30 |    19 ||    49
Block: Kite shield       |    28 |    15 ||    43

Table legend: (Time is in decaauts)
 A = Elapsed time spent in this place.
 B = Non-inter-level travel time spent in this place.
 C = Inter-level travel time spent in this place.
 D = Time resting spent in this place.
 E = Time spent auto-exploring this place.
 F = Levels seen in this place.
 G = Mean time per level.
                   A        B        C        D        E       F      G
               +--------+--------+--------+--------+--------+-----+--------+
         Total |   2790 |   2731 |     59 |     17 |   2200 |   3 |  930.0 |
       Dungeon |   2790 |   2731 |     59 |     17 |   2200 |   3 |  930.0 |
               +--------+--------+--------+--------+--------+-----+--------+

Top non-repeatable levels by time:
     D:2: 1290 daAuts
     D:1: 1173 daAuts
     D:3: 327 daAuts
